 Dungeon Crawl Stone Soup version 0.31-a0-1165-g196b491b36 (webtiles) character file.

Game seed: 12350995338138909324

148 AstroCodex24 the Covered (level 4, -3/38 HPs)
             Began as a Demigod Fighter on Dec 9, 2023.
             Slain by an iguana (4 damage)
             ... on level 5 of the Dungeon.
             The game lasted 00:01:48 (407 turns).

AstroCodex24 the Covered (Demigod Fighter)           Turns: 407, Time: 00:01:48

Health: -3/38      AC:  6    Str: 21    XL:     4   Next: 82%
Magic:  6/6        EV:  9    Int: 10    God:
Gold:   10         SH:  5    Dex: 13    Spells: 3/3 levels left

rFire   . . .        a - +0 war axe
rCold   . . .        c - +0 buckler
rNeg    . . .        b - +0 scale mail
rPois   .            (no helmet)
rElec   .            (no cloak)
rCorr   .            (no gloves)
SInv    .            (no boots)
Will    .....        (no amulet) Stlth
                     (no ring)
HPRegen 0.26/turn    (no ring)
MPRegen 0.10/turn

%: no passive effects
@: no status effects
A: high MP 1, forlorn, divine attributes
a: no special abilities


You were on level 5 of the Dungeon.
You visited 1 branch of the dungeon, and saw 5 of its levels.

You collected 10 gold pieces.

Inventory:

Hand Weapons
 a - a +0 war axe (weapon)
Armour
 b - a +0 scale mail (worn)
 c - a +0 buckler (worn)
Scrolls
 f - 3 scrolls of enchant weapon {unknown}
Potions
 d - a potion of might
 e - a potion of enlightenment {unknown}
 g - a potion of mutation {unknown}


   Skills:
 + Level 3.3 Fighting
 + Level 2.8 Axes
 + Level 3.6 Armour
 + Level 0.3 Dodging
 + Level 3.3 Shields


You had 3 spell levels left.
You didn't know any spells.
Your spell library was empty.

Dungeon Overview and Level Annotations

Branches:
Dungeon (5/15)
 Temple: D:4-7


Innate Abilities, Weirdness & Mutations

You have an increased reservoir of magic. (+10% MP)
You shall have no god before yourself.
Your divine heritage dramatically boosts your attributes as you level up.


Message History

There is an open door, spattered with blood here.
You see here a +0 orcbow.
There is a stone staircase leading up here.
There is an open door, spattered with blood here.
You see here a +0 orcbow.
Found 10 gold pieces.
An adder comes into view.
The adder hisses angrily.
An iguana comes into view.
The iguana hisses angrily.
Found a stone staircase leading down.
You block the adder's attack. The adder bites you.
You barely miss the adder. The adder bites you but does no damage.
You barely miss the adder. The adder barely misses you.
The adder bites you but does no damage.
You miss the adder. You hit the iguana.
The iguana bites you but does no damage.
The adder closely misses you. x2; The iguana bites you!
You miss the adder. You barely miss the iguana. The adder bites you.
The iguana bites you!
You hit the adder.
The adder is heavily wounded.
You hit the iguana. The adder closely misses you. The iguana bites you!
* * * LOW HITPOINT WARNING * * *
You block the adder's attack.
You hit the adder.
The adder is severely wounded.
You hit the iguana but do no damage. The adder closely misses you.
The iguana closely misses you. The adder closely misses you.
The iguana bites you.
* * * LOW HITPOINT WARNING * * *
You barely miss the adder.
The adder is severely wounded.
You hit the iguana but do no damage. You block the adder's attack.
You block the iguana's attack. The adder bites you.
* * * LOW HITPOINT WARNING * * *
You closely miss the adder.
The adder is severely wounded.
You hit the iguana. The iguana bites you.
You die...

#...........#....##
#...........)....<#
#..........##...<## #
#..........#######
#.###.............#
#.#..........####.#
#.............#
##.###...........#
......S@.............#
>#.###l.........######
#$.........#
############


You could see an iguana and an adder.

Vanquished Creatures
  A centaur (D:5)
  A hound (D:5)
  3 gnolls (D:2)
  A worm (D:5)
  A giant cockroach (D:2)
  A goblin (D:1)
  A hobgoblin (D:4)
  2 rats
11 creatures vanquished.

Notes
Turn   | Place    | Note
-------+----------+-------------------------------------------
     0 | D:1      | AstroCodex24 the Demigod Fighter began the quest for the
                  | Orb.
     0 | D:1      | Reached XP level 1. HP: 18/18 MP: 3/3
    62 | D:2      | Reached XP level 2. HP: 25/25 MP: 4/4
   147 | D:2      | Reached XP level 3. HP: 31/31 MP: 5/5
   232 | D:5      | Entered Level 5 of the Dungeon
   239 | D:5      | Noticed a centaur
   256 | D:5      | Killed a centaur
   257 | D:5      | Reached XP level 4. HP: 6/38 MP: 6/6
   405 | D:5      | HP: 1/38 [iguana (2)]
   407 | D:5      | Slain by an iguana

Illustrated notes

Levels and vault maps discovered:
D:1:      lemuel_arrival_rhombus, layout_loops_ring,
          minmay_misc_feat_more_columns, minmay_pentomino_q4
D:2:      layout_loops_ring, dreamdust_ecumenical_altar_drowned_temple,
          st_stairs_12, chequers_jeans, uniq_sigmund
D:3:      layout_basic, gammafunk_temple_overflow_claw,
          cheibrodos_ashenzari_chains, serial_bayou_pond_d
D:4:      minmay_razor_zed, layout_layer_cave, marbit_many_paths,
          nicolae_qazlal_eye_of_the_storm, serial_shops,
          nicolae_shop_tiny_statue_garden, minivault_27, grunt_ministairs_15,
          minmay_fractal_squares_5, uniq_duvessa
D:5:      layout_basic, temple_statues

Skill      XL: |  1  2 |
---------------+-------+-----
Fighting       | 3 |  3.3
Axes           | 2 |  2.8
Armour         | 3 |  3.6
Shields        | 3 |  3.3
Dodging        | |  0.3

Action                     |  1- 3 |  4- 6 || total
---------------------------+-------+-------++-------
  Melee: War axe           |    35 |     8 ||    43
 Armour: Scale mail        |    40 |    11 ||    51
  Dodge: Dodged            |    22 |     7 ||    29
  Block: Buckler           |     9 |     4 ||    13

Table legend: (Time is in decaauts)
 A = Elapsed time spent in this place.
 B = Non-inter-level travel time spent in this place.
 C = Inter-level travel time spent in this place.
 D = Time resting spent in this place.
 E = Time spent auto-exploring this place.
 F = Levels seen in this place.
 G = Mean time per level.
                   A        B        C        D        E       F      G
               +--------+--------+--------+--------+--------+-----+--------+
         Total |    423 |    405 |     18 |      0 |      0 |   5 |   84.6 |
       Dungeon |    423 |    405 |     18 |      0 |      0 |   5 |   84.6 |
               +--------+--------+--------+--------+--------+-----+--------+

Top non-repeatable levels by time:
     D:5: 181 daAuts
     D:2: 126 daAuts
     D:1: 58 daAuts
     D:4: 43 daAuts
     D:3: 13 daAuts
